 Dungeon Crawl Stone Soup version 0.31.0-11-ge490571c62 (webtiles) character file.

Game seed: 7952668773387466604

145 qw the Skirmisher (level 5, -6/29 HPs)
             Began as a Deep Elf Hunter on Feb 4, 2024.
             Mangled by Ijyb
             ... wielding a +7 club
              (11 damage)
             ... on level 3 of the Dungeon.
             The game lasted 00:00:35 (2113 turns).

qw the Skirmisher (Deep Elf Hunter)                 Turns: 2113, Time: 00:00:36

Health: -6/29      AC:  4    Str: 16    XL:     5   Next: 6%
Magic:  7/7        EV: 13    Int: 14    God:
Gold:   50         SH:  0    Dex: 18    Spells: 4/4 levels left

rFire   . . .        a - +0 shortbow
rCold   . . .        (shield currently unavailable)
rNeg    . . .        d - +0 leather armour {rPois}
rPois   +            (no helmet)
rElec   .            e - +0 cloak
rCorr   .            (no gloves)
SInv    .            (no boots)
Will    .....        (no amulet)
Stlth   ++           b - +6 ring of strength
HPRegen 0.24/turn    (no ring)
MPRegen 0.10/turn

%: no passive effects
@: about to teleport
A: no striking features
a: no special abilities


You were on level 3 of the Dungeon.
You visited 1 branch of the dungeon, and saw 3 of its levels.

You collected 50 gold pieces.


   Skills:
 - Level 1.5 Fighting
 + Level 8.2 Ranged Weapons
 - Level 3.0 Dodging
 - Level 1.2 Stealth


You had 4 spell levels left.
You didn't know any spells.
Your spell library was empty.

Inventory:

Hand Weapons
 a - a +0 shortbow (weapon)
Armour
 c - a +0 scale mail
 d - a +0 leather armour of poison resistance (worn)
 e - a +0 cloak (worn)
 i - the +0 robe "Fomp" {Str+3 Dex+3 SInv}
   (You found it on level 3 of the Dungeon)

   Str+3:     It affects your strength (+3).
   Dex+3:     It affects your dexterity (+3).
   SInv:      It lets you see invisible.
Jewellery
 b - a +6 ring of strength (left hand)
Wands
 g - a wand of quicksilver (6)
Scrolls
 k - 2 scrolls of identify
 l - a scroll of fear {unknown}
 m - a scroll of immolation {unknown}
 n - a scroll of teleportation
Potions
 f - a potion of brilliance {unknown}
 h - a potion of curing
 j - a potion of attraction {unknown}

Dungeon Overview and Level Annotations

Branches:
Dungeon (3/15)

Altars:

Shops:
D:1 :   D:3 [

Annotations:
D:3 Ijyb


Message History

You now have 50 gold pieces (gained 1).
Ijyb the Twisted Goblin comes into view.
She is wielding a +7 club and carrying a wand of paralysis.
Ijyb shouts!
Ijyb zaps a wand.
You resist with some effort.
Enter note:
Enter note: You shoot an arrow.
The arrow hits Ijyb but does no damage.
You shoot an arrow. The arrow hits Ijyb but does no damage.
Ijyb screams, "I no like you!"
Ijyb zaps a wand.
You resist with some effort.
You shoot an arrow. The arrow closely misses Ijyb.
Ijyb screams, "It's all mine!"
You shoot an arrow. The arrow hits Ijyb but does no damage.
Ijyb zaps a wand.
You resist with some effort.
You shoot an arrow. The arrow hits Ijyb but does no damage.
You shoot an arrow. The arrow closely misses Ijyb.
Ijyb grins evilly.
You shoot an arrow. The arrow hits Ijyb but does no damage.
You shoot an arrow. The arrow hits Ijyb but does no damage.
You shoot an arrow. The arrow closely misses Ijyb.
Ijyb hits you with a +7 club!
You shoot an arrow. The arrow hits Ijyb.
Ijyb is lightly wounded.
Ijyb barely misses you.
You shoot an arrow. The arrow hits Ijyb.
Ijyb is moderately wounded.
Ijyb zaps a wand.
You suddenly lose the ability to move!
Ijyb hits you with a +7 club!
Ijyb zaps a wand.
You resist with some effort. Ijyb hits you with a +7 club!
Ijyb zaps a wand.
You resist with some effort.
You can move again.
2112 ||| READING 2 scrolls of teleportation.
As you read the scroll of teleportation, it crumbles to dust.
You feel strangely unstable. Ijyb screams, "I dance on your bones!"
Ijyb hits you with a +7 club.
You shoot an arrow. The arrow barely misses Ijyb.
Ijyb hits you with a +7 club!
You die...

#......### #.# ...
....# ##.##
...#.#.###...#######
#.#.#.##...........
#
#...........#######
#..###.#.####.##
#........# #.#
###.####.### #.#
......g@.# #+#
###.#.#### .. ## #
#### +... ###. #. #.


You could see Ijyb.

Vanquished Creatures
  Jessica (D:3)
  6 adders
  A ribbon worm (D:2)
  4 dart slugs
  An orc (D:3)
  6 ball pythons
  3 bats
  2 endoplasms
  4 giant cockroaches
  6 hobgoblins
  5 quokkas
  2 frilled lizards
  5 goblins
  5 kobolds
  A rat (D:1)
52 creatures vanquished.

Notes
Turn   | Place    | Note
-------+----------+-------------------------------------------
     0 | D:1      | qw the Deep Elf Hunter began the quest for the Orb.
     0 | D:1      | Reached XP level 1. HP: 12/12 MP: 3/3
     0 | D:1      | 0 ||| qw: Version: 0.3-a-160-g6735b56
     0 | D:1      | 0 ||| qw: Game counter: 5773
     0 | D:1      | 0 ||| qw: Melee chars always use a shield: true
     0 | D:1      | 0 ||| qw: God list: Okawaru
     0 | D:1      | 0 ||| qw: Allow faded altars: false
     0 | D:1      | 0 ||| qw: Do Orc after clearing Dungeon:15 true
     0 | D:1      | 0 ||| qw: Do second Lair branch before Depths: true
     0 | D:1      | 0 ||| qw: Lair rune preference: random
     0 | D:1      | 0 ||| qw: Goals: Normal
     0 | D:1      | 0 ||| PLANNING D:1-11
    71 | D:1      | Reached XP level 2. HP: 16/16 MP: 4/4
    77 | D:1      | Reached skill level 6 in Ranged Weapons
   278 | D:1      | Found Hikiuss's Book Shoppe.
   565 | D:1      | Reached XP level 3. HP: 20/20 MP: 5/5
   732 | D:1      | 732 ||| UPGRADING to +0 leather armour of poison
                  | resistance.
   742 | D:1      | 742 ||| DROPPING +0 leather armour.
   743 | D:1      | 743 ||| DROPPING scroll of butterflies.
   995 | D:2      | Reached skill level 7 in Ranged Weapons
  1348 | D:2      | Reached XP level 4. HP: 25/25 MP: 6/6
  1403 | D:2      | 1403 ||| UPGRADING to +0 cloak.
  1408 | D:2      | 1408 ||| UPGRADING to +6 ring of strength.
  1409 | D:2      | 1409 ||| READING scroll labelled OGEKHL MO LUZXARR.
  1410 | D:2      | 1410 ||| READING scroll labelled JOWE GUASSU.
  1413 | D:2      | 1413 ||| READING scroll labelled XETAGOS OSOE.
  1413 | D:2      | 1413 ||| IDENTIFYING fuming inky potion
  1414 | D:2      | 1414 ||| READING scroll labelled PUSASOKUIR.
  1429 | D:3      | Found Akhlaq's Armour Shoppe.
  1433 | D:3      | 1433 ||| SHOPLISTING +0 pair of gloves (63 gold, have 38).
  1433 | D:3      | 1433 ||| SHOPLISTING +0 ring mail (56 gold, have 38).
  1433 | D:3      | 1433 ||| SHOPLISTING +1 hat "Onkiw" {rF+ Regen+} (322 gold,
                  | have 38).
  1681 | D:3      | Noticed Jessica
  1682 | D:3      | 1682 ||| ZAPPING wand of quicksilver (7) at 7,-1 (Jessica;
                  | floor).
  1682 | D:3      | Killed Jessica
  1683 | D:3      | Reached skill level 8 in Ranged Weapons
  1711 | D:3      | Identified the +0 robe "Fomp" {Str+3 Dex+3 SInv}
  1862 | D:3      | Reached skill level 3 in Dodging
  2005 | D:3      | Reached XP level 5. HP: 29/29 MP: 7/7
  2096 | D:3      | Noticed Ijyb
  2107 | D:3      | Paralysed by Ijyb for 5 turns
  2110 | D:3      | HP: 6/29 [Ijyb/+7 club (7)]
  2112 | D:3      | 2112 ||| READING 2 scrolls of teleportation.
  2113 | D:3      | Mangled by Ijyb

Levels and vault maps discovered:
D:1:      amcnicky_arrival_gap_in_the_tavern_cellar, layout_basic, serial_shops,
          nicolae_shop_tiny_statue_garden
D:2:      layout_loops_ring
D:3:      layout_loops_corners, serial_shops, shop, uniq_jessica, uniq_ijyb

Skill      XL: |  1  2  3  4 |
---------------+-------------+-----
Ranged Weapons | 6 7 8 |  8.2
Dodging        | 3 |  3.0
Fighting       | |  1.5
Stealth        | |  1.2

Action                     |  1- 3 |  4- 6 || total
---------------------------+-------+-------++-------
   Fire: Shortbow          |   101 |    57 ||   158
  Evoke: Wand              |       |     1 ||     1
    Use: Scroll            |       |     5 ||     5
 Armour: Leather armour    |     6 |    15 ||    21
  Dodge: Dodged            |    15 |    12 ||    27

Table legend:
 A = Non-vault XP
 B = Vault XP
 C = Vault XP percentage of total XP
 D = Non-vault monster count
 E = Vault monster count
 F = Vault count percentage of total count
                 A         B        C        D         E       F
            +---------+---------+-------+---------+---------+-------
      Total |     171 |      37 |  17.8 |      51 |       1 |   1.9
            +---------+---------+-------+---------+---------+-------
        D:1 |      44 |       0 |   0.0 |      22 |       0 |   0.0
        D:2 |      53 |       0 |   0.0 |      14 |       0 |   0.0
        D:3 |      74 |      37 |  33.3 |      15 |       1 |   6.2
            +---------+---------+-------+---------+---------+-------
